 Dungeon Crawl Stone Soup version 0.22.0-38-g04b72b8 (webtiles) character file.

6853 Inarius the Cleaver (level 10, -1/73 HPs)
             Began as a Demonspawn Gladiator on Aug 30, 2018.
             Was a Follower of Hepliaklqana.
             Slain by a catoblepas (4 damage)
             ... created by the adversity of Qazlal
             ... on level 9 of the Dungeon.
             The game lasted 00:25:12 (9702 turns).

Inarius the Cleaver (Demonspawn Gladiator)          Turns: 9702, Time: 00:25:13

Health: -1/73      AC: 16    Str: 17    XL:     10   Next: 78%
Magic:  0/13       EV:  2    Int:  9    God:    Hepliaklqana [*.....]
Gold:   428        SH:  0    Dex: 20    Spells: 9/9 levels left

rFire    . . .     SeeInvis .   C - +6 battleaxe
rCold    . . .     Gourm    .   (shield currently unavailable)
rNeg     + + +     Faith    .   G - +0 plate armour
rPois    ∞         Spirit   +   E - +2 hat
rElec    .         Reflect  .   p - scarf {Spirit}
rCorr    .         Harm     .   e - +0 pair of gloves
MR       .....                  A - +0 pair of boots
Stlth    ..........             (no amulet)
HPRegen  0.22/turn              z - +4 ring of dexterity
MPRegen  0.13/turn              v - +4 ring of evasion

@: petrified
A: reduced essence, horns 2, demonic guardian 1, rot immunity, sturdy frame 2
a: Recall Ancestor, Ancestor Identity, Renounce Religion


You were on level 9 of the Dungeon.
You worshipped Hepliaklqana.
Hepliaklqana was aware of your devotion.
You were hungry.

You visited 2 branches of the dungeon, and saw 11 of its levels.
You also visited: Ossuary.

You collected 428 gold pieces.

Inventory:

Hand Weapons
 C - a +6 battleaxe (weapon)
Missiles
 d - 3 throwing nets (quivered)
Armour
 e - a +0 pair of gloves (worn)
 p - a scarf of spirit shield (worn)
 A - a +0 pair of boots (worn)
 B - a +0 shield
 E - a +2 hat (worn)
 G - a +0 plate armour (worn)
Jewellery
 q - an uncursed ring of ice
 v - a +4 ring of evasion (right hand)
 z - a +4 ring of dexterity (left hand)
Wands
 u - a wand of iceblast (2)
 F - a wand of flame (39)
 I - a wand of digging (13)
Scrolls
 a - a scroll of brand weapon {unknown}
 b - 6 scrolls of remove curse
 g - 2 scrolls of immolation
 k - 2 scrolls of amnesia
 y - 2 scrolls of identify
 H - a scroll of vulnerability {unknown}
Potions
 c - 2 potions of agility {unknown}
 h - 2 potions of mutation {unknown}
 i - 4 potions of cancellation {unknown}
 j - 3 potions of brilliance
 l - 4 potions of curing
 m - a potion of resistance {unknown}
 n - 3 potions of lignification {unknown}
 o - 4 potions of heal wounds {unknown}
 r - a potion of flight {unknown}
 s - 2 potions of haste
 t - a potion of ambrosia {unknown}
 x - 5 potions of might {unknown}
Miscellaneous
 J - a phantom mirror
Comestibles
 f - 28 rations


   Skills:
 * Level 8.5 Fighting
   Level 0.6(3.1) Short Blades
   Level 5.0 Long Blades
 + Level 9.1 Axes
 - Level 1.9 Throwing
 + Level 5.0 Armour
 + Level 4.0 Dodging
 * Level 4.8 Invocations
 + Level 4.9 Evocations


You had 9 spell levels left.
You didn't know any spells.
Your spell library was empty.

Dungeon Overview and Level Annotations

Branches:
Dungeon (10/15)            Temple (1/1) D:6            Lair (0/6) D:9
    Orc (0/2) D:10

Altars:
Ashenzari
Cheibriados
Dithmenos
Elyvilon
Fedhas
Gozag
Hepliaklqana
Makhleb
Nemelex Xobeh
Okawaru
Qazlal
Ru
Sif Muna
Trog
Uskayaw
Vehumet
Wu Jian
Xom
Yredelemnul
Zin

Annotations:
D:4 1 runed door, BryzzWind's ghost, amateur KoSu


Innate Abilities, Weirdness & Mutations

You have a pair of horns on your head.
A weak demonic guardian rushes to your aid.
You are immune to rotting.
Your movements are less encumbered by armour. (ER -4)
Your life essence is reduced to manifest your ancestor. (-10% HP)


Message History

Your quasit claws the catoblepas but does no damage. x2
The catoblepas gores you! The catoblepas gores you!
Your quasit bites the catoblepas but does no damage.
Your quasit claws the catoblepas but does no damage. x2
The catoblepas gores you!
* * * LOW HITPOINT WARNING * * *
Your quasit bites the catoblepas.
Your quasit claws the catoblepas but does no damage. x2
The catoblepas gores you!!
* * * LOW HITPOINT WARNING * * *
Something misses Friðuswiþ.
Your quasit bites the catoblepas.
Your quasit claws the catoblepas but does no damage. x2
The catoblepas gores you.
* * * LOW HITPOINT WARNING * * *
Your quasit stops moving altogether!
The catoblepas gores you.
* * * LOW HITPOINT WARNING * * *
The catoblepas gores you!
You die...

###.# #.............#
#...
#.#####.............#
######...
#.......####........#
#........ #..###..#
#.......[# #.#.#.#.#
#..# #..#
#..)....[###........
#..# #..#
#(.....(.E§§...⌠....
#..# #..#
#...(...R##......._.
#..# #..#
#..Y.....###...⌠....
#..# #..# #.<@Y....#
#........ #..# #..#
#..§5....# #.#.#.#.#
#..# #........#
#........ #........#
######... #........#
#... #........# #...
#........# #...
#........# #...
#........# #...


You could see the friendly Friðuswiþ the ancestor, 2 catoblepae, a fire
elemental and a friendly quasit (petrified).

Vanquished Creatures
  Harold (D:9)
  A two-headed ogre (D:9)
  A wind drake (D:9)
  Prince Ribbit (D:5)
  A hippogriff (D:7)
  Eustachio (D:6)
  A hungry ghost (D:10)
  A porcupine (D:9)
  3 slaves (D:8)
  2 black bears
  4 orc warriors
  7 sky beasts
  2 ogres
  A big kobold (D:9)
  5 bullfrogs
  Blork the orc (D:10)
  2 elf zombies (Ossuary)
  2 earth elementals
  4 scorpions
  5 wights (D:6)
  6 killer bees (D:10)
  4 howler monkeys
  A bullfrog zombie (D:10)
  A centaur zombie (D:6)
  6 hounds
  A jelly (D:6)
  A bullfrog skeleton (D:8)
  A human zombie (Ossuary)
  An orc priest (D:3)
  3 orc wizards
  A centaur skeleton (D:7)
  4 iguanas
  6 worker ants
  2 big kobold zombies (Ossuary)
  2 hound skeletons
  3 mummies
  A worker ant zombie (D:10)
  6 adders
  4 gnolls (D:7)
  A shadow imp (D:8)
  An ooze (D:6)
  2 adder zombies (Ossuary)
  2 adder skeletons
  3 worms
  6 dart slugs
  8 leopard geckos
  23 orcs
  5 giant cockroaches
  11 hobgoblins
  9 jackals
  3 quokkas
  8 bats
  5 frilled lizards
  A giant cockroach zombie (D:5)
  8 goblins
  2 goblin zombies (Ossuary)
  10 hobgoblin zombies (Ossuary)
  A jackal zombie (Ossuary)
  9 kobolds
  6 kobold zombies (Ossuary)
  9 orc zombies (Ossuary)
  9 rats
  A rat zombie (Ossuary)
243 creatures vanquished.

Vanquished Creatures (collateral kills)
  A centaur warrior (D:9)
  A fire crab (D:9)
  Pikel (D:8)
  A basilisk (D:9)
  A crocodile (D:9)
  A plant (D:9)
6 creatures vanquished.

Vanquished Creatures (others)
  A water elemental (D:9)
  A quasit (D:8)
  6 ancestors
  4 fungi (D:9)
  A plant (D:9)
13 creatures vanquished.

Grand Total: 262 creatures vanquished

Notes
Turn   | Place    | Note
-------+----------+-------------------------------------------
     0 | D:1      | Inarius the Demonspawn Gladiator began the quest for the Orb.
     0 | D:1      | Reached XP level 1. HP: 16/16 MP: 1/1
    70 | D:1      | Gained mutation: You are immune to rotting. [demonic ancestry]
    70 | D:1      | Reached XP level 2. HP: 17/22 MP: 2/2
   388 | D:1      | Gained mutation: Your movements are slightly less encumbered by armour. (ER -2) [demonic ancestry]
   388 | D:1      | Reached XP level 3. HP: 27/27 MP: 3/3
  1134 | D:2      | Found an opulent altar of Gozag.
  1604 | D:3      | Gained mutation: You have a pair of small horns on your head. [demonic ancestry]
  1604 | D:3      | Reached XP level 4. HP: 34/34 MP: 4/4
  1943 | D:3      | Found a burning altar of Makhleb.
  2259 | D:3      | Reached skill level 1 in Armour
  2259 | D:3      | Gained mutation: Your movements are less encumbered by armour. (ER -4) [demonic ancestry]
  2259 | D:3      | Reached XP level 5. HP: 35/40 MP: 5/5
  2747 | D:4      | Noticed an orc warrior
  2769 | D:4      | Killed an orc warrior
  2769 | D:4      | Reached skill level 1 in Evocations
  2769 | D:4      | Reached XP level 6. HP: 47/47 MP: 6/6
  2894 | D:4      | Found a runed door.
  2907 | D:4      | Noticed BryzzWind's ghost (amateur KoSu)
  2934 | D:4      | You fall through a shaft for 2 floors!
  2938 | D:5      | Entered Level 5 of the Dungeon
  2965 | D:5      | Noticed Prince Ribbit
  2989 | D:5      | Killed Prince Ribbit
  3395 | D:4      | Reached XP level 7. HP: 50/53 MP: 8/8
  4246 | D:6      | Reached skill level 5 in Long Blades
  4442 | D:6      | Reached skill level 1 in Axes
  4527 | D:6      | Found a staircase to the Ecumenical Temple.
  4559 | Temple   | Entered the Ecumenical Temple
  4634 | D:6      | Found a blossoming altar of Fedhas.
  4700 | D:6      | Noticed Eustachio
  4734 | D:6      | Killed Eustachio
  4734 | D:6      | Reached skill level 2 in Axes
  4734 | D:6      | Gained mutation: You have a pair of horns on your head. [demonic ancestry]
  4734 | D:6      | Reached XP level 8. HP: 47/61 MP: 10/10
  5103 | D:6      | Reached skill level 3 in Axes
  5351 | D:7      | Noticed a hippogriff
  5356 | D:7      | Killed a hippogriff
  5356 | D:7      | Reached skill level 5 in Fighting
  5356 | D:7      | Reached skill level 4 in Axes
  5398 | D:7      | Found a sand-covered staircase.
  5427 | Ossuary  | Entered an ossuary
  5839 | D:7      | Reached skill level 5 in Axes
  5863 | D:7      | Gained mutation: A weak demonic guardian rushes to your aid. [demonic ancestry]
  5863 | D:7      | Reached XP level 9. HP: 64/68 MP: 12/12
  6434 | D:8      | Reached skill level 6 in Axes
  6514 | D:8      | Found a stormy altar of Qazlal.
  6528 | D:8      | Noticed Pikel
  6545 | D:8      | Killed Pikel
  6665 | D:8      | Became a worshipper of Qazlal Stormbringer
  6709 | D:8      | Reached skill level 7 in Axes
  6718 | D:8      | Found a hide-covered altar of Uskayaw.
  6791 | D:8      | Found a radiant altar of Vehumet.
  7322 | D:9      | Found a white marble altar of Elyvilon.
  7326 | D:9      | Noticed Harold
  7343 | D:9      | Killed Harold
  7343 | D:9      | Reached XP level 10. HP: 26/79 MP: 13/13
  7364 | D:9      | Noticed a centaur warrior
  7695 | D:9      | Killed a centaur warrior
  7695 | D:9      | Reached skill level 8 in Axes
  7788 | D:9      | Found a hazy altar of Hepliaklqana.
  7794 | D:9      | Fell from the grace of Qazlal
  7794 | D:9      | Became a worshipper of Hepliaklqana the Forgotten
  7824 | D:9      | Found a staircase to the Lair.
  7993 | D:9      | Noticed a two-headed ogre
  8008 | D:9      | Killed a two-headed ogre
  8266 | D:9      | Found a basalt altar of Yredelemnul.
  8290 | D:9      | Noticed a fire crab
  8290 | D:9      | Noticed a catoblepas
  8474 | D:9      | Killed a fire crab
  8730 | D:9      | Noticed a catoblepas
  8772 | D:10     | Entered Level 10 of the Dungeon
  8772 | D:10     | Found a staircase to the Orcish Mines.
  8934 | D:10     | Reached skill level 5 in Armour
  8966 | D:10     | Reached * piety under Hepliaklqana
  9118 | D:10     | Noticed Blork the orc
  9127 | D:10     | Killed Blork the orc
  9130 | D:10     | Found a deep blue altar of Sif Muna.
  9236 | D:10     | Reached skill level 9 in Axes
  9304 | D:10     | Noticed a lindwurm
  9663 | D:9      | Noticed a catoblepas
  9702 | D:9      | HP: 3/73 [catoblepas[the adversity of Qazlal] (1)]
  9702 | D:9      | Slain by a catoblepas

Skill      XL: |  1  2  3  4  5  6  7  8  9 10 |
---------------+-------------------------------+-----
Long Blades    | 3 4 5 |  5.0
Dodging        | 3 4 |  4.0
Armour         | 1 2 3 4 5 |  5.0
Fighting       | 3 4 5 7 8 |  8.5
Evocations     | 1 3 4 |  4.9
Axes           | 2 5 7 9 |  9.1
Invocations    | 2 4 |  4.8
Short Blades   | |  0.6
Throwing       | |  1.9

Action                   |  1- 3 |  4- 6 |  7- 9 | 10-12 || total
-------------------------+-------+-------+-------+-------++-------
Melee: Long sword        |   126 |    38 |       |       ||   164
       Dagger            |       |   116 |    35 |       ||   151
       Headbutt          |       |    34 |    70 |    25 ||   129
       Battleaxe         |       |       |   258 |   110 ||   368
Throw: Throwing net      |       |     1 |       |       ||     1
Evoke: Wand              |       |       |       |    11 ||    11
  Use: Scroll            |       |     7 |    12 |     6 ||    25
       Potion            |       |     2 |       |       ||     2
 Stab: Distracted        |       |       |     1 |     4 ||     5
  Eat: Chunk             |     2 |     5 |    14 |     9 ||    30
Armor: Leather armour    |    12 |       |       |       ||    12
       Ring mail         |    51 |    11 |       |       ||    62
       Chain mail        |       |    17 |   130 |       ||   147
       Plate armour      |       |       |    38 |    64 ||   102
Dodge: Dodged            |   114 |   100 |   264 |    80 ||   558
       Rpst.: Long sword |    19 |     8 |       |       ||    27
